 Dungeon Crawl Stone Soup version 0.30.0-5-g1a98f26d00 (webtiles) character file.

Game seed: 11964325557385130352

86 Adrian566 the Slasher (level 4, -1/49 HPs)
             Began as a Vampire Gladiator on May 8, 2023.
             Slain by an ice beast (13 damage)
             ... on level 5 of the Dungeon.
             The game lasted 00:01:57 (1278 turns).

Adrian566 the Slasher (Vampire Gladiator)           Turns: 1278, Time: 00:01:57

Health: -1/49      AC:  5    Str: 13    XL:     4   Next: 26%
Magic:  0/4        EV: 13    Int: 10    God:
Gold:   120        SH:  0    Dex: 17    Spells: 3/3 levels left

rFire   + . .        a - +0 long sword
rCold   . . .        (no shield)
rNeg    . . .        n - +1 leather armour of Xom's Respect {rF+}
rPois   .            c - +0 helmet
rElec   .            (no cloak)
rCorr   .            (no gloves)
SInv    +            (no boots)
Will    .....        h - amulet of guardian spirit Stlth
                     (no ring)
HPRegen 0.48/turn    (no ring)
MPRegen 0.09/turn

%: guardian spirit
@: berserking (expiring), healing quickly, hasted, very quick
A: alive, fangs 3, see invisible, vampiric 2
a: Exsanguinate


You were on level 5 of the Dungeon.
You visited 1 branch of the dungeon, and saw 4 of its levels.

You collected 120 gold pieces.

Inventory:

Hand Weapons
 a - a +0 long sword (weapon)
Missiles
 d - 3 throwing nets (quivered)
 e - a javelin
Armour
 c - a +0 helmet (worn)
 n - the +1 leather armour of Xom's Respect (worn) {rF+}
   (You found it on level 2 of the Dungeon)

   rF:        It protects you from fire.
Jewellery
 h - an amulet of guardian spirit (around neck)
Scrolls
 f - a scroll of butterflies {unknown}
 i - a scroll of amnesia {unknown}
 k - a scroll of poison {unknown}
 m - 2 scrolls of identify {unknown}
 p - 2 scrolls of teleportation {unknown}
Potions
 l - a potion of mutation {unknown}
 o - a potion of flight {unknown}
 q - a potion of curing {unknown}


   Skills:
 + Level 2.1 Fighting
 + Level 4.2 Long Blades
 + Level 1.8 Throwing
 + Level 0.7 Armour
 + Level 3.8 Dodging
 + Level 0.7 Stealth


You had 3 spell levels left.
You didn't know any spells.
Your spell library was empty.

Dungeon Overview and Level Annotations

Branches:
Dungeon (3/15)

Altars:

Annotations:
D:5 Eustachio


Innate Abilities, Weirdness & Mutations

Your natural rate of healing is accelerated.
You have razor-sharp teeth.
You have supernaturally acute eyesight. (SInv)
You are afflicted with vampirism and can become a bat while bloodless.


Message History

You hit the rat.
You kill the rat!
The rat's corpse disappears in a puff of smoke!
The ice beast hits you but does no damage.
You miss the quokka.
The quokka bites you but does no damage.
You barely miss the quokka. You punch the quokka.
You kill the quokka!
The quokka's corpse disappears in a puff of smoke!
The ice beast hits you but does no damage.
Eustachio casts a spell.
You swing at nothing.
The ice beast hits you but does no damage.
You slash Eustachio!
Eustachio is heavily wounded.
Eustachio hits you but does no damage.
The ice beast hits you but does no damage.
The crimson imp blinks!
You miss Eustachio.
Eustachio is heavily wounded.
The ice beast barely misses you.
Eustachio mumbles some strange words.
Eustachio blinks!
You swing at nothing.
The ice beast hits you but does no damage.
The crimson imp blinks!
You slash the rat!
You kill the rat!
The rat's corpse disappears in a puff of smoke!
You feel less wooden.
Your +0 helmet unmelds from your body.
The +1 leather armour of Xom's Respect {rF+} unmelds from your body.
You slash the rat!
You kill the rat!
The rat's corpse disappears in a puff of smoke!
The ice beast hits you. The ice beast freezes you!
You swing at nothing.
The ice beast hits you.
* * * LOW HITPOINT WARNING * * *
The ice beast freezes you!
You die...

#..... #..# ...
..Z.##..# ...
##+#..#..## #..
##...##Z...#
#..
...........# .Z
..Z....Z...# #5
######.Z...#
#Y######..#####
#.@ยง.....##
####....##
#.....#
#.....@.#
#........#
..S...#####
...... ..####


You could see Eustachio, an ice beast, an iron imp (summoned) and a goblin
zombie.

Vanquished Creatures
  An iron imp (D:5)
  An adder (D:2)
  An orc (D:3)
  5 ball pythons (D:1)
  2 bats (D:1)
  3 endoplasms (D:1)
  A giant cockroach (D:1)
  3 goblins
  6 hobgoblins
  6 jackals
  6 kobolds
  2 frilled lizards
  A goblin zombie (D:5)
  A hobgoblin zombie (D:5)
  An orc zombie (D:5)
  4 rats
44 creatures vanquished.

Notes
Turn   | Place    | Note
-------+----------+-------------------------------------------
     0 | D:1      | Adrian566 the Vampire Gladiator began the quest for the
                  | Orb.
     0 | D:1      | Reached XP level 1. HP: 16/16 MP: 1/1
    53 | D:1      | Reached XP level 2. HP: 22/22 MP: 2/2
   395 | D:1      | Gained mutation: You are afflicted with vampirism and can
                  | become a bat while bloodless. [Vampire growth]
   395 | D:1      | Reached XP level 3. HP: 27/27 MP: 3/3
   626 | D:2      | Found a faded altar of an unknown god.
   751 | D:2      | Identified the staff of earth "Reuvua Bege" {Drain rPois
                  | Str+3 Stlth+}
   842 | D:2      | Identified the +1 leather armour of Xom's Respect {rF+}
  1170 | D:3      | Reached skill level 4 in Long Blades
  1218 | D:3      | You fall into a shaft and drop 2 floors!
  1218 | D:5      | Entered Level 5 of the Dungeon
  1239 | D:5      | Reached XP level 4. HP: 33/33 MP: 4/4
  1240 | D:5      | Noticed Eustachio
  1242 | D:5      | Noticed an ice beast
  1278 | D:5      | Slain by an ice beast

Illustrated notes

Levels and vault maps discovered:
D:1:      nzn_arrival_crosshair, layout_rooms, minmay_tiny_reverse_x
D:2:      layout_loops_ring, hellmonk_ecumenical_altar_blasted
D:3:      layout_loops_ring, uniq_terence, uniq_robin
D:5:      layout_rooms, nicolae_tso_besieged_by_evil, kb_lookout_dungeons_type,
          uniq_eustachio, uniq_blork_the_orc

Skill      XL: |  1  2  3 |
---------------+----------+-----
Fighting       | 2 |  2.1
Long Blades    | 4 |  4.2
Throwing       | |  1.8
Armour         | |  0.7
Dodging        | |  3.8
Stealth        | |  0.7

Action                     |  1- 3 |  4- 6 || total
---------------------------+-------+-------++-------
  Melee: Long sword        |   112 |    32 ||   144
         Bite              |    10 |     1 ||    11
         Punch             |     1 |     2 ||     3
    Use: Potion            |       |     3 ||     3
   Stab: Sleeping          |     2 |       ||     2
 Armour: Leather armour    |    34 |     2 ||    36
         Skin              |       |    26 ||    26
  Dodge: Dodged            |   120 |     3 ||   123
